 Dungeon Crawl Stone Soup version 0.28.0-43-g3370ac3207 (webtiles) character file.

Game seed: 3385185899434976550

6849 nickcage the Impaler (level 10, -14/86 HPs)
             Began as a Minotaur Fighter on Mar 10, 2022.
             Was a Believer of the Shining One.
             Killed from afar by an electric eel (15 damage)
             ... with a bolt of electricity
             ... on level 9 of the Dungeon.
             The game lasted 00:25:33 (9587 turns).

nickcage the Impaler (Minotaur Fighter)             Turns: 9587, Time: 00:25:34

Health: -14/86     AC: 13    Str: 23    XL:     10   Next: 78%
Magic:  3/3        EV:  7    Int:  5    God:    the Shining One [**....]
Gold:   501        SH: 17    Dex: 12    Spells: 9/9 levels left

rFire   . . .      SeeInvis +   q - +1 trident (antimagic)
rCold   . . .      Faith    .   z - +2 tower shield
rNeg    + . .      Spirit   .   b - +0 scale mail
rPois   .          Reflect  .   (helmet restricted)
rElec   .          Harm     .   (no cloak)
rCorr   .          Rampage  .   k - +2 pair of gloves
Will    .....                   w - +1 pair of boots
Stlth   ..........              (no amulet)
HPRegen 0.24/turn               x - ring of see invisible
MPRegen 0.08/turn               y - +4 ring of slaying

@: glowing
A: horns 2, retaliatory headbutt
a: Renounce Religion, Divine Shield


You were on level 9 of the Dungeon.
You worshipped the Shining One.
The Shining One was pleased with you.
You visited 2 branches of the dungeon, and saw 10 of its levels.
You also visited: Sewer.

You collected 501 gold pieces.

Inventory:

Hand Weapons
 m - a +0 halberd
 q - a +1 antimagic trident (weapon)
Missiles
 e - 22 poisoned darts (quivered)
Armour
 a - a scarf of shadows
 b - a +0 scale mail (worn)
 k - a +2 pair of gloves (worn)
 w - a +1 pair of boots (worn)
 z - a +2 tower shield (worn)
Jewellery
 x - a ring of see invisible (left hand)
 y - a +4 ring of slaying (right hand)
Wands
 n - a wand of iceblast (9)
 o - a wand of digging (4)
 t - a wand of flame (65)
Scrolls
 c - a scroll of amnesia
 f - 4 scrolls of blinking
 g - a scroll of fear {unknown}
 j - a scroll of fog
 l - 2 scrolls of enchant weapon
 r - 2 scrolls of teleportation
 s - 3 scrolls of magic mapping
 v - a scroll of summoning
Potions
 h - 4 potions of curing
 i - 2 potions of flight
 p - 3 potions of brilliance {unknown}
 u - 3 potions of heal wounds
 A - a potion of berserk rage {unknown}
 C - 3 potions of mutation {unknown}


   Skills:
 + Level 7.0 Fighting
 - Level 15.2 Polearms
 + Level 7.4 Armour
 * Level 9.7 Shields


You had 9 spell levels left.
You didn't know any spells.
Your spell library contained the following spells:

 Spells                   Type           Power      Damage    Failure   Level
 Animate Skeleton         Necr           0%         N/A       100%        1
 Pain                     Necr           0%         1d4       100%        1
 Vampiric Draining        Necr           0%         2d6       100%        3
 Fulminant Prism          Conj/Hex       0%         3d6       100%        4
 Iskenderun's Mystic Bla  Conj/Tloc      0%         2d3       100%        4
 Lee's Rapid Deconstruct  Erth           0%         3d5*      100%        5


Dungeon Overview and Level Annotations

Branches:
Dungeon (9/15)             Temple (1/1) D:4            Lair (0/6) D:9
  Sewer (visited)
    Orc: D:9-12

Altars:
Ashenzari
Cheibriados
Dithmenos
Elyvilon
Fedhas
Gozag
Hepliaklqana
Makhleb
Nemelex Xobeh
Okawaru
Qazlal
Ru
Sif Muna
Vehumet
Wu Jian
Xom
Yredelemnul
Zin
The Shining One

Shops:
D:1 (


Innate Abilities, Weirdness & Mutations

You have a pair of horns on your head.
You reflexively headbutt those who attack you in melee.


Message History

You kill the electric eel!
You hear a splash.
An electric eel comes into view.
A hound comes into view.
An electric eel comes into view.
The hound barks!
The electric eel shoots out a bolt of lightning at you!
The bolt of electricity hits you!
The electric eel shoots out a bolt of lightning at you!
The bolt of electricity hits you!
The electric eel shoots out a bolt of lightning at you!
The bolt of electricity hits you!
The electric eel shoots out a bolt of lightning at you!
The bolt of electricity hits you!
An electric eel comes into view.
Found a staircase to the Lair.
The electric eel shoots out a bolt of lightning at you!
The bolt of electricity hits you.
* * * LOW HITPOINT WARNING * * *
The electric eel shoots out a bolt of lightning at you!
The bolt of electricity hits you.
* * * LOW HITPOINT WARNING * * *
The electric eel shoots out a bolt of lightning at you!
The bolt of electricity misses the electric eel.
The bolt of electricity hits you!
* * * LOW HITPOINT WARNING * * *
Reach: q) +1 trident (antimagic)
Press: ? - help, Dir - move target
Okay, then.
The electric eel shoots out a bolt of lightning at you!
The bolt of electricity misses the electric eel.
The bolt of electricity hits you!
* * * LOW HITPOINT WARNING * * *
The electric eel shoots out a bolt of lightning at you!
The bolt of electricity hits you. The Shining One protects you from harm!
The electric eel shoots out a bolt of lightning at you!
The bolt of electricity hits the electric eel.
The electric eel completely resists.
The bolt of electricity hits you!
You die...

######### #.....#
#.......#######.....#
..........†)).......####
..........#######......
.......)..# ......
.....†....# ...###
####.h#+#.#######...#
...................###
.(.[............@.....#
..(...≈.≈.≈≈..h.......#
.....≈≈.≈.≈≈≈≈........#
....≈≈≈.≈.≈≈≈≈≈......##
....≈≈≈≈≈.≈≈≈≈.......#
..≈≈≈≈≈.≈≈≈.....####
..≈≈≈≈.≈≈.SS...#
.≈≈≈≈...≈S≈...#
≈...≈≈≈≈≈≈...


You could see a hound and 3 electric eels.

Vanquished Creatures
  2 two-headed ogres
  A tengu warrior (D:9)
  A tengu conjurer (D:9)
  2 trolls (D:9)
  9 yaks
  A wyvern (D:7)
  3 orc warriors (D:8)
  3 centaurs
  3 wolves (D:9)
  2 ogres
  A phantom (D:5)
  5 kobold brigands
  A bullfrog (D:7)
  A scorpion (D:7)
  2 water moccasin skeletons
  6 killer bees (D:8)
  An electric eel (D:9)
  2 howler monkeys
  A centaur zombie (D:9)
  A jelly (D:8)
  7 hounds
  2 orc priests (D:8)
  3 centaur skeletons
  3 iguanas
  5 orc wizards
  Terence (D:3)
  A hound skeleton (D:4)
  2 howler monkey zombies
  A mummy (D:6)
  11 adders
  6 gnolls
  10 river rats
  A shadow imp (D:5)
  A white imp (D:8)
  36 orcs
  7 endoplasms
  A giant cockroach (D:4)
  5 goblins
  6 hobgoblins
  3 jackals (Sewer)
  22 kobolds
  4 quokkas
  11 ball pythons
  2 bats
  12 frilled lizards
  A hobgoblin zombie (D:6)
  2 kobold zombies (D:6)
  An orc zombie (D:6)
  25 rats
240 creatures vanquished.

Vanquished Creatures (others)
  A fungus (D:3)
  18 plants
19 creatures vanquished.

Grand Total: 259 creatures vanquished

Notes
Turn   | Place    | Note
-------+----------+-------------------------------------------
     0 | D:1      | nickcage the Minotaur Fighter began the quest for the Orb.
     0 | D:1      | Reached XP level 1. HP: 19/19 MP: 0/0
   105 | D:1      | Reached skill level 3 in Polearms
   114 | D:1      | Reached XP level 2. HP: 26/26 MP: 1/1
   170 | D:1      | Found Laor's Weapon Boutique.
   566 | D:2      | Reached skill level 4 in Polearms
   669 | D:2      | Reached XP level 3. HP: 27/31 MP: 2/2
   928 | D:2      | Reached skill level 5 in Polearms
  1191 | D:2      | Reached XP level 4. HP: 34/39 MP: 3/3
  1917 | D:3      | Reached skill level 6 in Polearms
  1951 | D:3      | Noticed Terence
  1956 | D:3      | Killed Terence
  1993 | D:3      | Reached XP level 5. HP: 45/45 MP: 4/4
  2024 | D:3      | Found a faded altar of an unknown god.
  2411 | D:4      | Noticed an ogre
  2416 | D:4      | HP: 1/45 [ogre/+0 giant club (25)]
  2417 | D:4      | Killed an ogre
  2418 | D:4      | Reached skill level 7 in Polearms
  2731 | D:4      | Found a glowing drain.
  2746 | D:4      | Reached XP level 6. HP: 36/51 MP: 5/5
  2752 | Sewer    | Entered a sewer
  2843 | Sewer    | Reached skill level 8 in Polearms
  3263 | Sewer    | Reached skill level 9 in Polearms
  3377 | Sewer    | Reached XP level 7. HP: 57/57 MP: 6/6
  4085 | D:4      | Reached skill level 10 in Polearms
  4286 | D:4      | Found a staircase to the Ecumenical Temple.
  4292 | Temple   | Entered the Ecumenical Temple
  4360 | Temple   | Became a worshipper of the Shining One
  4912 | D:5      | Entered Level 5 of the Dungeon
  5214 | D:5      | Reached skill level 11 in Polearms
  5335 | D:5      | Reached XP level 8. HP: 57/64 MP: 7/7
  5417 | D:5      | Reached skill level 12 in Polearms
  5753 | D:5      | Reached skill level 13 in Polearms
  5940 | D:6      | Reached skill level 14 in Polearms
  5940 | D:6      | Reached XP level 9. HP: 60/70 MP: 8/8
  6016 | D:6      | Reached * piety under the Shining One
  6310 | D:6      | Noticed a two-headed ogre
  6319 | D:6      | Killed a two-headed ogre
  6320 | D:6      | Reached skill level 15 in Polearms
  7125 | D:7      | Found a faded altar of an unknown god.
  7125 | D:7      | Found a radiant altar of Vehumet.
  7133 | D:7      | Found a burning altar of Makhleb.
  7136 | D:7      | Found an ornate altar of the Wu Jian Council.
  7138 | D:7      | Found a sacrificial altar of Ru.
  7324 | D:7      | Reached skill level 5 in Shields
  7692 | D:8      | Reached skill level 5 in Armour
  7711 | D:8      | Reached skill level 5 in Fighting
  7877 | D:8      | Noticed a two-headed ogre
  7885 | D:8      | Killed a two-headed ogre
  7886 | D:8      | Reached XP level 10. HP: 44/81 MP: 3/9
  8349 | D:8      | Reached ** piety under the Shining One
  8503 | D:9      | Noticed a tengu warrior
  9121 | D:9      | Killed a tengu warrior
  9375 | D:9      | Found an iron altar of Okawaru.
  9583 | D:9      | Found a staircase to the Lair.
  9586 | D:9      | HP: 1/86 [electric eel/bolt of electricity (11)]
  9586 | D:9      | The Shining One protects you from harm!
  9587 | D:9      | Killed from afar by an electric eel

Illustrated notes

Levels and vault maps discovered:
D:1:      lightli_arrival_maybe_door_vault, layout_rooms, serial_shops, shop
D:2:      layout_loops_corners
D:3:      layout_rooms, shapermc_ecumenical_altar_ellora, uniq_terence
D:4:      layout_loops_corners, minmay_temple_entry_enclosed_plants,
          portal_sewer_entry_e
D:5:      layout_loops_cross
D:6:      layout_basic, minmay_mini_ossuary
D:7:      layout_loops_ring, chequers_temple_overflow_minitemple
D:8:      layout_basic, solitary_fountain, dk_rats_in_the_wall
D:9:      layout_irregular_city, mainiacjoe_overflow_alcove_1,
          okawaru_altar_gauntlet_db, erik_lair_island
Temple:   kb_temple_of_zot

Skill      XL: |  1  2  3  4  5  6  7  8  9 10 |
---------------+-------------------------------+-----
Polearms       | 3 4 5 6 7 9 11 14 15 | 15.2
Shields        | 6 9 |  9.7
Fighting       | 5 7 |  7.0
Armour         | 5 7 |  7.4

Action                   |  1- 3 |  4- 6 |  7- 9 | 10-12 || total
-------------------------+-------+-------+-------+-------++-------
Melee: Trident           |    77 |   160 |   326 |   165 ||   728
       Headbutt          |     6 |    19 |    44 |    30 ||    99
Throw: Dart              |       |     5 |    19 |    10 ||    34
  Use: Potion            |       |     1 |     1 |     1 ||     3
       Scroll            |       |     5 |    12 |       ||    17
Armor: Scale mail        |    19 |    44 |    72 |    38 ||   173
Dodge: Dodged            |    19 |    38 |    62 |    18 ||   137
Block: Buckler           |     6 |    16 |    26 |       ||    48
       Tower shield      |       |       |    49 |    82 ||   131
